 Dungeon Crawl Stone Soup version 0.20-a0-336-g7b05759 (webtiles) character file.

105 syzygy the Shield-Bearer (level 4, -1/38 HPs)
             Began as a Demigod Fighter on Dec 21, 2016.
             Succumbed to an adder's poison
             ... on level 2 of the Dungeon.
             The game lasted 00:02:54 (1152 turns).

syzygy the Shield-Bearer (Demigod Fighter)          Turns: 1152, Time: 00:02:54

Health: -1/38      AC: 11    Str: 24    XL:     4   Next: 29%
Magic:  6/6        EV:  5    Int: 17    God:
Gold:   48         SH: 10    Dex: 17    Spells: 3/3 levels left

rFire  + . .     SeeInvis .     a - +0 war axe
rCold  + . .     Gourm    .     o - +0 chain mail
rNeg   . . .     Faith    .     c - +0 shield
rPois  +         Spirit   .     i - +0 helmet
rElec  +         Reflect  .     e - +0 cloak (curse)
rCorr  +         Harm     .     (no gloves)
MR     .....                    (no boots)
Stlth  ..........               (no amulet)
                                (no ring)
                                (no ring)

@: mighty, brilliant, lethally poisoned (-1 -> -12), resistant
A: high mp 1
a: no special abilities


You were on level 2 of the Dungeon.
You were not hungry.

You visited 1 branch of the dungeon, and saw 2 of its levels.

You collected 48 gold pieces.

Inventory:

Hand Weapons
 a - a +0 war axe (weapon)
Armour
 b - a +0 scale mail
 c - a +0 shield (worn)
 e - a cursed +0 cloak (worn)
 i - a +0 helmet (worn)
 l - a +2 cloak
 o - a +0 chain mail (worn)
Jewellery
 h - an uncursed ring of magical power {unknown}
 p - an uncursed amulet of guardian spirit {unknown}
Scrolls
 g - 2 scrolls of fear {unknown}
 m - a scroll of noise {unknown}
 s - a scroll of immolation {unknown}
Books
 r - a book of Maledictions

   Spells                             Type                      Level
   a - Corona                         Hexes                        1
   b - Ensorcelled Hibernation        Hexes/Ice                    2
   c - Confuse                        Hexes                        3
   d - Tukima's Dance                 Hexes                        3
   e - Dazzling Spray                 Conjuration/Hexes            3
Comestibles
 f - 2 bread rations
 k - a meat ration
 n - a slice of pizza
 q - 3 chunks of flesh


   Skills:
 + Level 3.3 Fighting
 + Level 2.5 Axes
 + Level 3.3 Armour
 + Level 3.4 Shields


You had 3 spell levels left.
You didn't know any spells.

Dungeon Overview and Level Annotations

Branches:
Dungeon (2/15)


Innate Abilities, Weirdness & Mutations

You have an increased reservoir of magic. (+10% MP)


Message History

The adder is moderately wounded.
* * * LOW HITPOINT WARNING * * *
You feel sick. The adder bites you but does no damage. The adder bites you.
* * * LOW HITPOINT WARNING * * *
You are more poisoned.
The adder poisons you!
It was a potion of resistance.
You feel protected.
* * * LOW HITPOINT WARNING * * *
You feel sick. You block the adder's attack. x2
It was a potion of brilliance.
You feel clever all of a sudden.
* * * LOW HITPOINT WARNING * * *
You feel sick. The adder bites you but does no damage.
You feel very mighty all of a sudden.
* * * LOW HITPOINT WARNING * * *
You feel sick. You block the adder's attack.
You miss the adder.
The adder is moderately wounded.
You die...

##.#......... ... .#
........#.### ...
.[#.........#.### ..
..#.............. ..
..#........<..##. . ###.
#...........####. ...#...
#...#######.####.
.......###...####........#
......).S@.......(........
###.....##......[........#
#.......#..............#
##....#.##.............#
#....#.##.............#
#......##..............
......# #.....#######..
#...... #.....# #..... ..
#.....# #.....


You could see an adder.

Vanquished Creatures
  Jessica (D:2)
  3 gnolls
  2 oozes (D:2)
  A leopard gecko (D:2)
  3 giant cockroaches (D:1)
  3 goblins (D:1)
  4 hobgoblins
  5 jackals (D:1)
  4 kobolds (D:1)
  2 quokkas
  A ball python (D:1)
  4 bats (D:1)
  4 rats
37 creatures vanquished.

Notes
Turn   | Place    | Note
-------+----------+-------------------------------------------
     0 | D:1      | syzygy the Demigod Fighter began the quest for the Orb.
     0 | D:1      | Reached XP level 1. HP: 18/18 MP: 3/3
   265 | D:1      | Reached XP level 2. HP: 25/25 MP: 4/4
   663 | D:1      | You fall through a shaft!
   675 | D:2      | Reached XP level 3. HP: 22/31 MP: 5/5
  1059 | D:2      | Noticed Jessica
  1067 | D:2      | Killed Jessica
  1067 | D:2      | Reached XP level 4. HP: 38/38 MP: 6/6
  1151 | D:2      | HP: 1/38 [poisoned by an adder]
  1152 | D:2      | Succumbed to an adder's poison

Vault maps used:
D:1:      minmay_arrival_doors
D:2:      chequers_ecumenical_altar_simple, minmay_domino_2, uniq_jessica

Skill      XL: |  1  2 |
---------------+-------+-----
Axes           | 2 |  2.5
Fighting       | 3 |  3.3
Shields        | 3 |  3.4
Armour         | 3 |  3.3

Action                   |  1- 3 |  4- 6 || total
-------------------------+-------+-------++-------
Melee: War axe           |   103 |    28 ||   131
  Use: Potion            |       |     3 ||     3
  Eat: Chunk             |       |     1 ||     1
Armor: Scale mail        |    64 |       ||    64
       Chain mail        |     7 |    19 ||    26
Dodge: Dodged            |    45 |     8 ||    53
Block: Shield            |    75 |    19 ||    94
